AoeStats
← l1si

Coastal Forest

511567669Analyzed
2v2 RM · 14d ago on Oct 5, 2026· 53m 51s· 4 players
Game mode
Random Map
Map size
Medium (4 player)
Population
200
Speed
Normal
Resources
Standard
Victory
Conquest
Starting age
Dark Age
Ending age
Imperial Age
RankedLock teamsTeams togetherTeam positionsShared explorationLock speedFull tech treeHidden civsTurbo modeCheats
Victory
Defeat
🇨🇾 Hindustanis · Cyprus
857
+15
🇨🇾 Slavs · Cyprus
836
+15
vs
🇷🇴 Bohemians · Romania
835
-15
🇩🇪 Teutons · Germany
816
-15
MiepMoep
12:22 Feudal Age
13:24 Double-Bit Axe
13:07 Man-at-Arms
13:33 Arson
15:12 Town Watch
16:19 Gold Mining
16:45 Horse Collar
21:29 Padded Archer Armor
22:54 Forging
26:36 Castle Age
26:02 Fletching
27:55 Squires
29:40 Long Swordsman
32:12 Heavy Plow
32:44 Stone Mining
41:12 Iron Casting
43:43 Imperial Age
40:40 Pikeman
42:42 Scale Barding Armor
42:38 Scale Mail Armor
43:47 Two-Handed Swordsman
45:31 Blast Furnace
44:54 Champion
VM
11:46 Feudal Age
13:13 Double-Bit Axe
13:24 Horse Collar
15:01 Wheelbarrow
15:13 Loom
21:04 Castle Age
22:28 Hand Cart
22:18 Heavy Plow
22:46 Bow Saw
23:21 Forging
30:08 Caravan
32:33 Fletching
33:19 Iron Casting
32:45 Scale Mail Armor
32:45 Padded Archer Armor
36:52 Imperial Age
34:11 Town Watch
34:52 Wagenburg Tactics
34:40 Pikeman
35:21 Squires
35:07 Arson
35:40 Town Patrol
36:46 Ballistics
37:27 Chemistry
36:24 Murder Holes
36:40 Masonry
37:04 Halberdier
38:25 Siege Engineers
38:27 Bodkin Arrow
39:32 Blast Furnace
38:48 Leather Archer Armor
38:49 Chain Mail Armor
39:17 Bracer
39:43 Houfnice
42:07 Elite Skirmisher
43:31 Architecture
43:35 Plate Mail Armor
43:36 Ring Archer Armor
LEO420
6:56 Loom
6:57 Loom
10:41 Feudal Age
11:58 Double-Bit Axe
13:17 Wheelbarrow
13:21 Fishing Lines
18:14 Castle Age
19:32 Bow Saw
19:28 Gold Mining
19:22 Horse Collar
21:10 Thumb Ring
20:26 Crossbowman
24:32 Fletching
24:42 Padded Archer Armor
27:32 Gold Shaft Mining
26:50 Stone Mining
27:30 Scale Barding Armor
27:35 Forging
32:23 Imperial Age
30:08 Hand Cart
29:42 Town Watch
30:24 Chain Barding Armor
30:39 Iron Casting
30:02 Bodkin Arrow
30:22 Leather Archer Armor
30:11 Husbandry
29:32 Light Cavalry
30:22 Bloodlines
32:34 Grand Trunk Road
34:49 Chemistry
34:10 Ballistics
33:48 Heavy Camel Rider
36:13 Blast Furnace
35:14 Scale Mail Armor
35:52 Plate Barding Armor
35:18 Bracer
36:08 Imperial Camel Rider
39:04 Stone Shaft Mining
39:55 Ring Archer Armor
39:32 Shatagni
39:55 Conscription
l1si
6:11 Loom
12:03 Feudal Age
16:05 Horse Collar
18:26 Wheelbarrow
23:38 Castle Age
27:21 Stone Mining
29:16 Double-Bit Axe
31:03 Gold Mining
33:08 Bow Saw
34:37 Gold Shaft Mining
35:00 Hand Cart
35:28 Detinets
40:41 Imperial Age
38:34 Forging
38:26 Scale Mail Armor
38:32 Scale Barding Armor
40:00 Iron Casting
40:09 Squires
39:30 Pikeman
40:50 Halberdier
41:55 Conscription
42:13 Hoardings
42:20 Hoardings
42:49 Heavy Plow
47:30 Elite Boyar
Connection lost

Rejoining the realm…

Still unreachable

The connection could not be restored.

Session expired

The server has moved on; the page needs a fresh start.